 Dungeon Crawl Stone Soup version 0.27.1-2-g3b301248ec (webtiles) character file.

Game seed: 5918700651246241612

555 Rickety the Conjurer (level 7, 0/51 HPs)
             Began as a Gnoll Conjurer on Sept 27, 2021.
             Slain by a scorpion (2 damage)
             ... on level 5 of the Dungeon.
             The game lasted 00:07:10 (4031 turns).

Rickety the Conjurer (Gnoll Conjurer)               Turns: 4031, Time: 00:07:11

Health: 0/51       AC:  6    Str:  6    XL:     7   Next: 30%
Magic:  1/15       EV: 12    Int: 19    God:
Gold:   86         SH:  0    Dex: 11    Spells: 11/17 levels left

rFire    . . .     SeeInvis .   d - +0 spear
rCold    + . .     Faith    .   (no shield)
rNeg     + . .     Spirit   .   n - +3 leather armour
rPois    .         Reflect  .   (no helmet)
rElec    .         Harm     .   (no cloak)
rCorr    .         Rampage  .   (no gloves)
Will     .....                  (no boots)
Stlth    ++........             (no amulet)
HPRegen  0.17/turn              j - ring of protection from cold
MPRegen  0.14/turn              k - ring of positive energy

@: no status effects
A: fangs 1, strong nose, distributed training
a: no special abilities


You were on level 5 of the Dungeon.
You visited 1 branch of the dungeon, and saw 5 of its levels.

You collected 86 gold pieces.

Inventory:

Hand Weapons
 d - a +0 spear (weapon)
Missiles
 c - 6 curare-tipped darts
 m - 40 poisoned darts
Armour
 a - a +0 robe
 n - a +3 leather armour (worn)
Jewellery
 j - a ring of protection from cold (left hand)
 k - a ring of positive energy (right hand)
Scrolls
 f - a scroll of magic mapping {unknown}
 g - a scroll of amnesia {unknown}
 i - 5 scrolls of identify {unknown}
 l - a scroll of blinking {unknown}
Potions
 b - 2 potions of curing
 e - 3 potions of haste {unknown}
 h - 3 potions of mutation {unknown}
 o - 2 potions of flight {unknown}


   Skills:
 + Level 2.4 Fighting
 + Level 2.4 Short Blades
 + Level 2.4 Long Blades
 + Level 2.4 Axes
 + Level 2.4 Maces & Flails
 + Level 2.4 Polearms
 + Level 2.4 Staves
 + Level 2.4 Slings
 + Level 2.4 Bows
 + Level 2.4 Crossbows
 + Level 2.4 Throwing
 + Level 2.4 Armour
 + Level 5.2 Dodging
 + Level 4.8 Stealth
 + Level 2.4 Shields
 + Level 2.4 Unarmed Combat
 + Level 5.6 Spellcasting
 + Level 7.4 Conjurations
 + Level 2.0 Hexes
 + Level 2.0 Summonings
 + Level 2.0 Necromancy
 + Level 2.0 Translocations
 + Level 2.0 Transmutations
 + Level 2.0 Fire Magic
 + Level 2.0 Ice Magic
 + Level 2.0 Air Magic
 + Level 2.0 Earth Magic
 + Level 2.0 Poison Magic
 + Level 2.6 Invocations
 + Level 2.4 Evocations


You had 11 spell levels left.
You knew the following spells:

 Your Spells              Type           Power      Damage    Failure   Level
a - Magic Dart            Conj           100%       1d8       1%          1
d - Dazzling Flash        Conj/Hex       46%        N/A       8%          3
r - Searing Ray           Conj           66%        3d5       1%          2

Your spell library contained the following spells:

 Spells                   Type           Power      Damage    Failure   Level
 Passwall                 Tmut/Erth      10%        N/A       12%         2
 Sublimation of Blood     Necr           6%         N/A       12%         2
 Gell's Gravitas          Tloc           6%         N/A       24%         3
 Swiftness                Air            12%        N/A       24%         3
 Teleport Other           Tloc           12%        N/A       24%         3
 Fulminant Prism          Conj/Hex       11%        3d9       26%         4
 Iskenderun's Mystic Bla  Conj/Tloc      23%        2d6       26%         4
 Leda's Liquefaction      Hex/Erth       6%         N/A       61%         4
 Agony                    Necr           12%        N/A       91%         5
 Metabolic Englaciation   Hex/Ice        6%         N/A       91%         5
 Silence                  Hex/Air        6%         N/A       91%         5
 Dispersal                Tloc           6%         N/A       100%        6
 Invisibility             Hex            6%         N/A       100%        6


Dungeon Overview and Level Annotations

Branches:
Dungeon (5/15)
 Temple: D:4-7

Altars:
Elyvilon
Ru
Sif Muna
Uskayaw

Shops:
D:1 ?


Innate Abilities, Weirdness & Mutations

You have very sharp teeth.
Your uncanny sense of smell can sniff out nearby items.
Your experience applies equally to all skills.


Message History

The scorpion stings you but does no damage.
The scorpion stings you.
* * * LOW HITPOINT WARNING * * *
You feel sick.
It was a potion of curing.
You feel better. The scorpion stings you.
* * * LOW HITPOINT WARNING * * *
Casting: Magic Dart (safe; 1% risk of failure)
Confirm with . or Enter, or press ? or * to list all spells.
Okay, then.
You see here a worm corpse.
The scorpion stings you.
* * * LOW HITPOINT WARNING * * *
Casting: Magic Dart (safe; 1% risk of failure)
Confirm with . or Enter, or press ? or * to list all spells.
Aiming: Searing Ray (safe; 1% risk of failure)
Press: ? - help, Shift-Dir - straight line, f/p - scorpion
Aim: a scorpion (heavily wounded, 81% to hit)
The searing ray hits the scorpion.
The scorpion is severely wounded. (Press . to maintain the ray.)
The scorpion barely misses you.
Without enough magic to sustain it, your searing ray dissipates.
The scorpion stings you!
* * * LOW HITPOINT WARNING * * *
You are too injured to fight recklessly!
You hit the scorpion.
You bite the scorpion, but do no damage.
The scorpion is almost dead.
The scorpion closely misses you.
You hit the scorpion but do no damage.
The scorpion is almost dead.
The scorpion barely misses you.
You hit the scorpion.
The scorpion is almost dead.
The scorpion barely misses you.
You hit the scorpion but do no damage.
The scorpion is almost dead.
The scorpion stings you but does no damage.
The scorpion stings you.
You die...

....###.##.####
#######..........#
..≈≈≈..#.#.#
..≈...≈..#..# #
..≈._.≈...#.#
.#..≈...≈..#..#
#.#..≈≈≈..#.###
...#######†##
#.#.....@s## #
####.##.###...## #.
#...<##.##.....##
#.##..#.##.........##
###.......###.........#
............+.........+
#####...####.........#
#####..######.......##
#.........# ##.....##


You could see a scorpion.

Vanquished Creatures
  A black bear (D:5)
  A phantom (D:4)
  A scorpion (D:4)
  2 water moccasin skeletons (D:4)
  A jelly (D:4)
  A bullfrog zombie (D:5)
  A centaur zombie (D:4)
  A centaur skeleton (D:5)
  4 adders
  4 worms
  A dart slug (D:3)
  An orc (D:3)
  6 ball pythons
  4 bats
  4 endoplasms
  4 giant cockroaches
  10 goblins
  6 hobgoblins
  4 jackals
  2 kobolds
  A quokka (D:1)
  8 frilled lizards
  2 rats
70 creatures vanquished.

Vanquished Creatures (others)
  A plant (D:4)
1 creature vanquished.

Grand Total: 71 creatures vanquished

Notes
Turn   | Place    | Note
-------+----------+-------------------------------------------
     0 | D:1      | Rickety the Gnoll Conjurer began the quest for the Orb.
     0 | D:1      | Reached XP level 1. HP: 13/13 MP: 6/6
   215 | D:1      | Reached XP level 2. HP: 19/19 MP: 5/7
   218 | D:1      | Learned a level 2 spell: Searing Ray
   357 | D:1      | Found Weefem's Magic Scroll Boutique.
   832 | D:1      | Reached XP level 3. HP: 25/25 MP: 7/9
  1023 | D:2      | Reached skill level 5 in Spellcasting
  1029 | D:1      | Learned a level 3 spell: Dazzling Flash
  1286 | D:2      | Reached skill level 1 in Invocations
  1412 | D:2      | Found a faded altar of an unknown god.
  1614 | D:2      | Reached skill level 1 in Fighting
  1614 | D:2      | Reached skill level 1 in Short Blades
  1614 | D:2      | Reached skill level 1 in Long Blades
  1614 | D:2      | Reached skill level 1 in Axes
  1614 | D:2      | Reached skill level 1 in Maces & Flails
  1614 | D:2      | Reached skill level 1 in Polearms
  1614 | D:2      | Reached skill level 1 in Staves
  1614 | D:2      | Reached skill level 1 in Slings
  1614 | D:2      | Reached skill level 1 in Bows
  1614 | D:2      | Reached skill level 1 in Crossbows
  1614 | D:2      | Reached skill level 1 in Throwing
  1614 | D:2      | Reached skill level 1 in Armour
  1614 | D:2      | Reached skill level 1 in Shields
  1614 | D:2      | Reached skill level 1 in Unarmed Combat
  1614 | D:2      | Reached skill level 1 in Evocations
  1987 | D:3      | Reached XP level 4. HP: 32/32 MP: 6/11
  2186 | D:3      | Noticed a +0 short sword
  2186 | D:3      | Noticed a +0 dagger
  2186 | D:3      | Noticed a +0 falchion
  2187 | D:3      | Noticed a +0 dagger
  2188 | D:3      | Noticed a +0 falchion
  2188 | D:3      | Noticed a +0 short sword
  2188 | D:3      | Noticed a +0 spear
  2188 | D:3      | Noticed a +0 spear
  2196 | D:3      | Found a hide-covered altar of Uskayaw.
  2569 | D:3      | Reached skill level 1 in Hexes
  2569 | D:3      | Reached skill level 1 in Summonings
  2569 | D:3      | Reached skill level 1 in Necromancy
  2569 | D:3      | Reached skill level 1 in Translocations
  2569 | D:3      | Reached skill level 1 in Transmutations
  2569 | D:3      | Reached skill level 1 in Fire Magic
  2569 | D:3      | Reached skill level 1 in Ice Magic
  2569 | D:3      | Reached skill level 1 in Air Magic
  2569 | D:3      | Reached skill level 1 in Earth Magic
  2569 | D:3      | Reached skill level 1 in Poison Magic
  2753 | D:4      | Noticed a scorpion
  2756 | D:4      | Killed a scorpion
  2757 | D:4      | Reached XP level 5. HP: 37/37 MP: 7/12
  2850 | D:4      | Reached XP level 6. HP: 44/44 MP: 3/13
  2956 | D:4      | Reached skill level 5 in Dodging
  3009 | D:4      | Found a white marble altar of Elyvilon.
  3024 | D:4      | Found a shimmering blue altar of Sif Muna.
  3753 | D:5      | Entered Level 5 of the Dungeon
  3946 | D:5      | Got the Reference Book on Execration and Sinister Rites
  3949 | D:5      | Found a sacrificial altar of Ru.
  3953 | D:5      | Reached XP level 7. HP: 50/50 MP: 10/15
  4027 | D:5      | HP: 1/51 [scorpion (7)]
  4031 | D:5      | Slain by a scorpion

Illustrated notes

Levels and vault maps discovered:
D:1:      heliophobic_arrival_enchanted_forest, layout_basic, serial_shops,
          shop, minmay_stone_trees_small
D:2:      layout_loops_ring, dreamdust_ecumenical_altar_angels_and_demons,
          minmay_between
D:3:      layout_basic, nicolae_uskayaw_en_pointe
D:4:      minmay_general_purpose_star, layout_basic, elyvilon_altar_1,
          nicolae_sif_muna_condensation
D:5:      layout_loops_corners, lemuel_round_altar, nicolae_ru_awakened_eye,
          gammafunk_ghost_abyssal_escape, chequers_serial_rivers_micro_d,
          uniq_grinder

Skill      XL: |  1  2  3  4  5  6  7 |
---------------+----------------------+-----
Spellcasting   | 5 |  5.6
Invocations    | 1 2 |  2.6
Fighting       | 1 2 |  2.4
Short Blades   | 1 2 |  2.4
Long Blades    | 1 2 |  2.4
Axes           | 1 2 |  2.4
Maces & Flails | 1 2 |  2.4
Polearms       | 1 2 |  2.4
Staves         | 1 2 |  2.4
Slings         | 1 2 |  2.4
Bows           | 1 2 |  2.4
Crossbows      | 1 2 |  2.4
Throwing       | 1 2 |  2.4
Armour         | 1 2 |  2.4
Shields        | 1 2 |  2.4
Unarmed Combat | 1 2 |  2.4
Evocations     | 1 2 |  2.4
Hexes          | 1 2 |  2.0
Summonings     | 1 2 |  2.0
Necromancy     | 1 2 |  2.0
Translocations | 1 2 |  2.0
Transmutations | 1 2 |  2.0
Fire Magic     | 1 2 |  2.0
Ice Magic      | 1 2 |  2.0
Air Magic      | 1 2 |  2.0
Earth Magic    | 1 2 |  2.0
Poison Magic   | 1 2 |  2.0
Dodging        | 5 |  5.2
Stealth        | |  4.8
Conjurations   | |  7.4

Action                   |  1- 3 |  4- 6 |  7- 9 || total
-------------------------+-------+-------+-------++-------
Melee: Spear             |       |     2 |    12 ||    14
       Bite              |       |       |     3 ||     3
 Cast: Magic Dart        |    49 |    12 |     2 ||    63
       Searing Ray       |     5 |    20 |     6 ||    31
  Use: Potion            |       |       |     1 ||     1
 Stab: Sleeping          |       |     1 |       ||     1
Armor: Leather armour    |       |     1 |     5 ||     6
Dodge: Dodged            |     5 |     6 |    11 ||    22
